AoeStats
← Edzongi

Arabia

509597476Analyzed
3v3 RM · 6d ago on Sep 27, 2026· 30m 41s· 6 players
Game mode
Random Map
Map size
Normal (6 player)
Population
200
Speed
Normal
Resources
Standard
Victory
Conquest
Starting age
Dark Age
Ending age
Imperial Age
RankedLock teamsTeams togetherTeam positionsShared explorationLock speedFull tech treeHidden civsTurbo modeCheats
Victory
Defeat
🇵🇹 Vikings · Portugal
608
+10
🇵🇹 Saracens · Portugal
591
+10
🇵🇹 Mongols · Portugal
528
+12
🇺🇦 Italians · Ukraine
498
-12
🇪🇸 Aztecs · Spain
449
-10
🇳🇱 Dravidians · Netherlands
434
-10
Deman501
8:09 Loom
11:42 Feudal Age
19:42 Wheelbarrow
24:22 Castle Age
26:13 Man-at-Arms
28:22 Long Swordsman
pedrolimaruz
0:41 Loom
Edzongi
1:28 Loom
14:25 Feudal Age
14:53 Double-Bit Axe
14:51 Horse Collar
15:48 Wheelbarrow
15:27 Town Watch
16:17 Man-at-Arms
20:22 Arson
22:13 Stone Mining
22:18 Gold Mining
25:14 Castle Age
25:10 Scale Barding Armor
25:05 Scale Mail Armor
25:06 Padded Archer Armor
25:27 Fletching
27:01 Hand Cart
27:47 Town Patrol
☄ sANT ☩
12:11 Feudal Age
12:57 Horse Collar
14:21 Man-at-Arms
20:36 Scale Mail Armor
20:44 Scale Barding Armor
20:43 Padded Archer Armor
23:36 Castle Age
21:58 Double-Bit Axe
23:26 Forging
24:06 Long Swordsman
WESSAI
14:32 Feudal Age
16:43 Wheelbarrow
20:03 Castle Age
19:21 Double-Bit Axe
19:17 Horse Collar
19:57 Town Watch
21:16 Bloodlines
21:14 Scale Barding Armor
22:02 Gold Mining
22:23 Bow Saw
24:33 Loom
parkzam
9:58 Feudal Age
8:51 Loom
11:33 Double-Bit Axe
11:36 Horse Collar
20:33 Castle Age
21:49 Stone Mining
21:54 Gold Mining
22:16 Bow Saw
22:23 Heavy Plow
24:32 Gold Shaft Mining
24:33 Stone Shaft Mining
24:37 Gold Shaft Mining
29:21 Imperial Age
31:30 Conscription
Connection lost

Rejoining the realm…

Still unreachable

The connection could not be restored.

Session expired

The server has moved on; the page needs a fresh start.